 Dungeon Crawl Stone Soup version 0.29.1-13-g9f3cf754e1 (webtiles) character file.

Game seed: 8847994365564388200

30982 javelincjr the Destroyer (level 12, -22/88 HPs)
             Began as a Demigod Conjurer on Jan 19, 2023.
             Killed from afar by an ice dragon (72 damage)
             ... with a blast of cold
             ... on level 14 of the Dungeon on Jan 20, 2023.
             The game lasted 02:29:20 (21579 turns).

javelincjr the Destroyer (Demigod Conjurer)        Turns: 21579, Time: 02:29:21

Health: -22/88     AC: 12    Str: 15    XL:     12   Next: 94%
Magic:  33/40      EV: 11    Int: 46    God:
Gold:   662        SH:  7    Dex: 12    Spells: 17/33 levels left

rFire   + . .      SeeInvis +   z - +7 dagger "Xyantaf" {venom, Will+ Int+4}
rCold   x . .      Faith    .   O - +0 kite shield
rNeg    + . .      Spirit   .   Q - +2 robe {Archmagi}
rPois   +          Reflect  .   D - +1 helmet {Int+3}
rElec   .          Harm     .   S - +2 cloak
rCorr   .          Rampage  .   i - +1 pair of gloves
Will    ++...      Archmagi +   K - +0 pair of boots
Stlth   +++.......              (no amulet)
HPRegen 0.24/turn               l - ring "Layhom" {Wiz rF+ Int+3}
MPRegen 0.27/turn               b - ring of Keocimij {rC- rN+ MP+9 Str+7 SInv}

@: no status effects
A: high MP 1, forlorn, divine attributes, mutation resistance 1, poison
resistance, sturdy frame 1
a: no special abilities


You were on level 14 of the Dungeon.
You visited 3 branches of the dungeon, and saw 17 of its levels.
You also visited: Gauntlet.

You collected 974 gold pieces.
You spent 312 gold pieces at shops.

Inventory:

Hand Weapons
 x - a +3 dagger of venom
 z - the +7 dagger "Xyantaf" (weapon) {venom, Will+ Int+4}
   (You found it on level 4 of the Dungeon)

   It poisons the flesh of those it strikes.
   Int:       It affects your intelligence (+4).
   Will:      It increases your willpower.
 T - a +2 mace of holy wrath
 W - a +0 shortbow of freezing
Missiles
 k - 3 javelins
 s - 2 curare-tipped darts
 y - 3 poisoned darts (quivered)
 G - 3 atropa-tipped darts
Armour
 i - a +1 pair of gloves (worn)
 u - a +1 hat of intelligence
 D - a +1 helmet of intelligence (worn)
 K - a +0 pair of boots (worn)
 O - a +0 kite shield (worn)
 P - an orb of wrath
 Q - a +2 robe of the Archmagi (worn)
 R - a +0 troll leather armour
 S - a +2 cloak (worn)
Magical Staves
 J - a staff of death
 V - a staff of earth
Jewellery
 a - a ring of magical power
 b - the ring of Keocimij (right hand) {rC- rN+ MP+9 Str+7 SInv}
   (You found it on level 13 of the Dungeon)

   [ring of positive energy]

   Str:       It affects your strength (+7).
   rC:        It makes you vulnerable to cold.
   rN:        It protects you from negative energy.
   MP:        It affects your magic capacity (+9).
   SInv:      It lets you see invisible.
 l - the ring "Layhom" (left hand) {Wiz rF+ Int+3}
   (You found it in a Gauntlet)

   [ring of wizardry]

   It improves your spell success rate.
   Int:       It affects your intelligence (+3).
   rF:        It protects you from fire.
 p - a ring of wizardry
 t - a ring of magical power
 v - a ring of resist corrosion
 I - a ring of willpower
 L - a ring of flight
Wands
 e - a wand of polymorph (5)
 h - a wand of flame (28)
 r - a wand of acid (25)
 C - a wand of iceblast (10)
 H - a wand of mindburst (28)
Scrolls
 c - a scroll of magic mapping
 n - a scroll of fog
 o - 5 scrolls of amnesia
 w - 3 scrolls of enchant weapon
 A - 2 scrolls of brand weapon
 B - 3 scrolls of fear
 E - 6 scrolls of teleportation
 F - 3 scrolls of poison
 M - a scroll of silence
 N - a scroll of enchant armour
 U - a scroll of summoning {unknown}
Potions
 d - a potion of resistance
 f - 3 potions of might
 g - 3 potions of curing
 j - 5 potions of heal wounds
 m - 6 potions of brilliance
 q - 3 potions of flight


   Skills:
 + Level 2.7 Fighting
 + Level 3.6 Short Blades
 + Level 1.9 Throwing
 + Level 3.3 Dodging
 + Level 5.2 Stealth
 + Level 1.8 Shields
 + Level 11.1 Spellcasting
 + Level 11.9 Conjurations
 + Level 9.3 Hexes
 + Level 4.8 Translocations
 + Level 0.6 Transmutations


You had 17 spell levels left.
You knew the following spells:

 Your Spells              Type           Power      Damage    Failure   Level
a - Magic Dart            Conj           100%       1d8       1%          1
b - Searing Ray           Conj           100%       2d8       1%          2
c - Fulminant Prism       Conj/Hex       55%        3d25      1%          4
d - Iskenderun's Mystic   Conj/Tloc      100%       2d19      1%          4
e - Irradiate             Conj/Tmut      45%        3d26      3%          5

Your spell library contained the following spells:

 Spells                   Type           Power      Damage    Failure   Level
 Beastly Appendage        Tmut           92%        N/A       1%          1
 Necrotise                Necr           100%       1d9       1%          1
 Sandblast                Erth           76%        2d16      1%          1
 Static Discharge         Conj/Air       88%        3-14/arc  1%          2
 Wereblood                Tmut           46%        N/A       1%          2
 Confusing Touch          Hex            100%       N/A       1%          3
 Dazzling Flash           Conj/Hex       100%       N/A       1%          3
 Mephitic Cloud           Conj/Pois/Air  75%        N/A       1%          3
 Passage of Golubria      Tloc           81%        N/A       1%          4
 Call Imp                 Summ           38%        N/A       2%          2
 Poisonous Vapours        Pois/Air       76%        N/A       2%          2
 Spider Form              Tmut/Pois      42%        N/A       3%          3
 Lightning Bolt           Conj/Air       44%        1d63      3%          5
 Ignite Poison            Fire/Tmut/Pois 41%        N/A       4%          3
 Vampiric Draining        Necr           38%        2d8       4%          3
 Yara's Violent Unravell  Hex/Tmut       41%        3d16      4%          5
 Silence                  Hex/Air        40%        N/A       6%          5
 Summon Mana Viper        Hex/Summ       80%        N/A       6%          5
 Freezing Cloud           Conj/Ice/Air   37%        6-21      8%          5
 Petrify                  Tmut/Erth      42%        N/A       12%         4
 Animate Dead             Necr           38%        N/A       14%         4
 Corpse Rot               Necr/Pois/Air  38%        N/A       14%         4
 Summon Ice Beast         Ice/Summ       38%        N/A       14%         4
 Enfeeble                 Hex            53%        N/A       26%         7
 Blade Hands              Tmut           23%        N/A       28%         5
 Agony                    Necr           38%        N/A       34%         5
 Statue Form              Tmut/Erth      28%        N/A       86%         6
 Dragon Form              Tmut           23%        N/A       100%        7
 Haunt                    Necr/Summ      19%        N/A       100%        7
 Monstrous Menagerie      Summ           19%        N/A       100%        7
 Storm Form               Tmut/Air       21%        N/A       100%        7
 Borgnjor's Revivificati  Necr           19%        N/A       100%        8
 Infestation              Necr           19%        N/A       100%        8
 Lehudib's Crystal Spear  Conj/Erth      44%        10d11     100%        8
 Maxwell's Capacitive Co  Air            19%        ∞         100%        8
 Necromutation            Tmut/Necr      21%        N/A       100%        8
 Death's Door             Necr           19%        N/A       100%        9


Dungeon Overview and Level Annotations

Branches:
Dungeon (14/15)            Temple (1/1) D:5            Lair (0/5) D:9
    Orc (2/2) D:9             Elf (0/3) Orc:2        Vaults (0/5) D:13
Gauntlet (visited)

Shops:
D:4 [   D:5 *   D:10 [   D:11 [

Portals:
Trove: D:14 (give +2 gold dragon scales)

Annotations:
D:10 exclusion: orange crystal statue


Innate Abilities, Weirdness & Mutations

You have an increased reservoir of magic. (+10% MP)
You shall have no god before yourself.
Your divine heritage dramatically boosts your attributes as you level up.
You are somewhat resistant to further mutation.
Your system is resistant to poisons. (rPois)
Your movements are slightly less encumbered by armour. (ER -2)


Message History

There is a stone staircase leading up, spattered with blood here.
Found a potion of degeneration.
g - 3 potions of curing (gained 1)
Found a stone staircase leading down.
A sourceless malevolence fills the Dungeon...
With a horrendous wail, an alarm goes off!
A sentinel's mark forms upon you.
You hear a deafening roar!
There is an empty arch of ancient stone here.
Found a hazy altar of Hepliaklqana.
There is an empty arch of ancient stone here.
An ice dragon comes into view.
The ice dragon breathes frost at you. The blast of cold hits you!!!
You feel a terrible chill!
Casting: Irradiate (dangerous; 3% risk of failure)
Confirm with . or Enter, or press ? or * to list all spells.
Aiming: Fulminant Prism (safe; 1% risk of failure)
Press: ? - help, Dir - move target You feel a surge of power!
You conjure a prism of explosive energy!
A fulminant prism comes into view.
The sentinel's mark upon you fades away.
Something bites your fulminant prism. Something claws your fulminant prism.
Something tramples your fulminant prism!
Your fulminant prism crackles loudly.
Something bites your fulminant prism. Something claws your fulminant prism!
Your fulminant prism explodes!
Casting: Fulminant Prism (safe; 1% risk of failure)
Confirm with . or Enter, or press ? or * to list all spells.
Aiming: Fulminant Prism (safe; 1% risk of failure)
Press: ? - help, Dir - move target You feel a surge of power!
You conjure a prism of explosive energy!
A fulminant prism comes into view.
The ice dragon breathes frost at you.
The blast of cold hits your fulminant prism!!
Your fulminant prism resists.
The blast of cold hits you!!!!
You feel a terrible chill!
Ouch! That really hurt!
You die...

... #)#.# ##### ....
#.#.# #. #D.#### #<#.##
#. #...D.# #....# #. #
#*# #[...# #.
###..##.###
###....#####.
..........#
#.........##.
#######.#.#
#............
#.#@####.........##.
##...>.#####...#####.
#....................
.....##.#.#####...######
######.....##########...
#................##
#.....#############
####.## # #.### #


You could see an ice dragon (catching breath, ally target) and a friendly
fulminant prism.

Vanquished Creatures
  An acid blob (D:13)
  8 vault guards
  2 hydras
  A boulder beetle (D:14)
  A death knight (D:14)
  2 two-headed ogres
  2 orc high priests
  An orc knight (Orc:1)
  A shining eye (D:13)
  An oklob plant (D:3)
  An orc sorcerer (Orc:2)
  2 manticores
  Maurice (Orc:2)
  An eye of devastation (D:13)
  An elephant (D:9)
  A gargoyle (D:13)
  An unseen horror (D:12)
  A komodo dragon (D:11)
  A kobold demonologist (D:9)
  A freezing wraith (D:14)
  An efreet (D:13)
  A queen bee (Gauntlet)
  4 trolls
  10 slime creatures (D:13)
  3 flying skulls (Gauntlet)
  4 shadows
  3 wraiths
  2 wyverns
  23 yaks
  3 basilisks
  A human (D:9)
  7 vampire mosquitoes
  A warg (D:9)
  A water moccasin (D:6)
  2 acid dragons
  A meliai simulacrum (D:10)
  14 orc warriors
  3 ice beasts
  2 sky beasts
  4 ogres
  2 black bears
  3 centaurs
  A kobold brigand (D:10)
  Blork the orc (D:6)
  A necrophage (D:4)
  2 scorpions
  4 wights (D:6)
  17 killer bees
  7 howler monkeys
  7 orc priests
  2 gnoll boudas
  5 hounds
  A jelly (D:5)
  An iron imp (D:10)
  Terence (D:3)
  2 iguanas
  Natasha (thrice) (D:4)
  10 orc wizards
  11 gnolls
  12 adders
  2 shadow imps
  A white imp (D:8)
  2 ufetubi
  3 worms (D:2)
  2 dart slugs
  41 orcs
  6 ball pythons
  9 endoplasms
  2 giant cockroaches (D:1)
  9 goblins
  4 hobgoblins
  10 kobolds
  A quokka (D:3)
  5 bats
  5 frilled lizards
  7 rats
  2 fulminant prisms
325 creatures vanquished.

Vanquished Creatures (others)
  4 demonic plants (Gauntlet)
  278 fulminant prisms
  22 fungi
  53 plants (D:3)
  4 withered plants (Gauntlet)
361 creatures vanquished.

Grand Total: 686 creatures vanquished

Notes
Turn   | Place    | Note
-------+----------+-------------------------------------------
     0 | D:1      | javelincjr the Demigod Conjurer began the quest for the
                  | Orb.
     0 | D:1      | Reached XP level 1. HP: 14/14 MP: 5/5
   222 | D:1      | Reached XP level 2. HP: 20/20 MP: 2/7
  1210 | D:2      | Reached XP level 3. HP: 26/26 MP: 1/8
  1213 | D:2      | Learned a level 2 spell: Searing Ray
  1778 | D:2      | Reached skill level 1 in Short Blades
  2128 | D:2      | Reached XP level 4. HP: 33/33 MP: 5/10
  2575 | D:3      | Noticed an oklob plant
  2584 | D:3      | Learned a level 4 spell: Fulminant Prism
  3248 | D:3      | Noticed Terence
  3253 | D:3      | Killed Terence
  3254 | D:3      | Reached skill level 1 in Fighting
  3432 | D:3      | Reached XP level 5. HP: 40/40 MP: 4/12
  4310 | D:4      | Noticed an ogre
  4329 | D:4      | Killed an ogre
  4330 | D:4      | Reached skill level 1 in Throwing
  4426 | D:4      | Reached skill level 5 in Conjurations
  4426 | D:4      | Reached XP level 6. HP: 38/47 MP: 5/14
  4547 | D:4      | Identified the +7 dagger "Xyantaf" {venom, Will+ Int+4}
  4667 | D:4      | Noticed Natasha
  4670 | D:4      | Killed Natasha
  4873 | D:4      | Noticed Natasha
  4914 | D:4      | Killed Natasha
  5026 | D:4      | Noticed Natasha
  5030 | D:4      | Killed Natasha
  5089 | D:4      | Found Vipoaj's Antique Armour Shoppe.
  5463 | D:4      | Reached skill level 1 in Hexes
  6440 | D:3      | Killed an oklob plant
  6441 | D:3      | Reached XP level 7. HP: 52/52 MP: 0/17
  6917 | D:5      | Entered Level 5 of the Dungeon
  7073 | D:5      | Found a staircase to the Ecumenical Temple.
  7089 | Temple   | Entered the Ecumenical Temple
  7694 | D:5      | Found Saask's Superlative Supplies.
  7851 | D:5      | Reached skill level 5 in Spellcasting
  7851 | D:5      | Reached XP level 8. HP: 59/59 MP: 10/19
  9241 | D:6      | Learned a level 4 spell: Iskenderun's Mystic Blast
  9322 | D:6      | Noticed Blork the orc
  9504 | D:6      | Killed Blork the orc
  9975 | D:6      | Noticed a komodo dragon
  9975 | D:6      | Noticed a cyclops
 10352 | D:6      | Reached XP level 9. HP: 59/67 MP: 17/22
 11290 | D:7      | Reached skill level 1 in Translocations
 11484 | D:7      | Got Reddacui's Early Guide to Incantation
 11531 | D:7      | Noticed an eight-headed hydra
 12249 | D:9      | Found a staircase to the Lair.
 12251 | D:9      | Noticed an elephant
 12263 | D:9      | Killed an elephant
 12264 | D:9      | Reached skill level 5 in Hexes
 12409 | D:9      | Noticed a two-headed ogre
 12429 | D:9      | Killed a two-headed ogre
 12430 | D:9      | Reached XP level 10. HP: 74/74 MP: 9/25
 13243 | D:9      | Found a staircase to the Orcish Mines.
 13407 | D:10     | Entered Level 10 of the Dungeon
 13852 | D:10     | Noticed an orange crystal statue
 13963 | D:10     | Found Sawn's Armour Boutique.
 14748 | D:4      | Bought a runed orb for 312 gold pieces
 14898 | Orc:1    | Entered Level 1 of the Orcish Mines
 15000 | Orc:2    | Entered Level 2 of the Orcish Mines
 15000 | Orc:2    | Found a staircase to the Elven Halls.
 15010 | Orc:2    | Noticed an orc sorcerer
 15013 | Orc:2    | Noticed Maurice
 15018 | Orc:2    | Killed Maurice
 15021 | Orc:2    | Killed an orc sorcerer
 15173 | Orc:2    | Noticed an orc high priest
 15304 | Orc:2    | Noticed a rust devil
 15305 | Orc:2    | Noticed a soul eater
 15315 | Orc:1    | Killed an orc high priest
 15316 | Orc:1    | Reached XP level 11. HP: 60/80 MP: 18/27
 15410 | Orc:2    | Noticed an orc high priest
 15419 | Orc:2    | Killed an orc high priest
 15421 | Orc:2    | Noticed an orc knight
 15549 | Orc:2    | Noticed an orc high priest
 15559 | Orc:1    | Killed an orc knight
 16212 | D:11     | Reached skill level 10 in Conjurations
 17626 | D:11     | Found Xenanate's Armour Emporium.
 17873 | D:12     | Gained mutation: Your movements are slightly less
                  | encumbered by armour. (ER -2) [potion of mutation]
 17873 | D:12     | Gained mutation: Your system is resistant to poisons.
                  | (rPois) [potion of mutation]
 17873 | D:12     | Gained mutation: You are somewhat resistant to further
                  | mutation. [potion of mutation]
 17895 | D:12     | Noticed a two-headed ogre
 17900 | D:12     | Reached skill level 1 in Shields
 17905 | D:12     | Killed a two-headed ogre
 18889 | D:13     | Noticed an acid blob
 19003 | D:13     | Found a transporter.
 19010 | D:13     | Found a transporter.
 19189 | D:13     | Noticed a four-headed hydra
 19200 | D:13     | Killed a four-headed hydra
 19201 | D:13     | Reached skill level 5 in Stealth
 19260 | D:13     | Found a gate leading to a gauntlet.
 19272 | Gauntlet | Entered a Gauntlet
 19272 | Gauntlet | Noticed a tengu warrior
 19272 | Gauntlet | Found a transporter.
 19272 | Gauntlet | Found a transporter.
 19272 | Gauntlet | Found a transporter.
 19350 | Gauntlet | Found a transporter.
 19353 | Gauntlet | Found a transporter.
 19364 | Gauntlet | Found a transporter.
 19364 | Gauntlet | Found a transporter.
 19381 | Gauntlet | Found a transporter.
 19388 | Gauntlet | Noticed a dire elephant
 19390 | Gauntlet | Found a transporter.
 19407 | Gauntlet | Found a transporter.
 19410 | Gauntlet | Found a transporter.
 19420 | Gauntlet | Found a transporter.
 19501 | Gauntlet | Reached XP level 12. HP: 88/88 MP: 30/30
 19574 | Gauntlet | Reached skill level 10 in Spellcasting
 19686 | Gauntlet | Identified the ring "Layhom" {Wiz rF+ Int+3}
 19792 | Gauntlet | Identified the +1 plate armour "Vojogada" {+Blink Regen+
                  | Str+3}
 19792 | Gauntlet | Identified the ring of Ufoshrimn {Wiz rC+ Int+4}
 19792 | Gauntlet | Noticed a minotaur
 20124 | D:13     | Noticed a vault guard
 20125 | D:13     | Noticed a vault guard
 20137 | D:13     | Killed a vault guard
 20140 | D:13     | Killed a vault guard
 20144 | D:13     | Noticed a vault guard
 20150 | D:13     | Killed a vault guard
 20165 | D:13     | Noticed a vault guard
 20166 | D:13     | Noticed a vault guard
 20172 | D:13     | Killed a vault guard
 20174 | D:13     | Killed a vault guard
 20192 | D:13     | Noticed a vault guard
 20199 | D:13     | Killed a vault guard
 20199 | D:13     | Killed a vault guard
 20363 | D:13     | Found a gate to the Vaults.
 20509 | D:13     | Killed an acid blob
 20652 | D:13     | Identified the ring of Keocimij {rC- rN+ MP+9 Str+7 SInv}
 20658 | D:13     | Got the Directory of Dung
 21054 | D:14     | Found a portal to a secret trove of treasure.
 21064 | D:14     | Noticed a boulder beetle
 21067 | D:14     | Noticed a five-headed hydra
 21074 | D:14     | Killed a five-headed hydra
 21078 | D:14     | Killed a boulder beetle
 21086 | D:14     | Learned a level 5 spell: Irradiate
 21127 | D:14     | Noticed a death knight
 21134 | D:14     | Killed a death knight
 21190 | D:14     | Noticed a vault guard
 21358 | D:14     | Killed a vault guard
 21573 | D:14     | Noticed an ice dragon
 21579 | D:14     | Killed from afar by an ice dragon

Illustrated notes

Levels and vault maps discovered:
D:1:      minmay_arrival_wavy_path, layout_loops_ring,
          chequers_ecumenical_altar_simple_redux, minmay_pentomino_p2
D:2:      layout_basic, minmay_randomly_rotated_circles
D:3:      layout_loops_ring, tgw_fedhas, mainiacjoe_overflow_small_starburst,
          lightli_temple_of_fire, mainiacjoe_overflow_paths, uniq_terence
D:4:      layout_loops_ring, serial_shops, shop, uniq_natasha
D:5:      layout_rooms, led_sif_pool, minmay_temple_entry_ruins,
          nicolae_alphabet_shops, skrybe_limestone_x
D:6:      layout_gridville, amethyst_killhole, lightli_corner_chamber,
          uniq_blork_the_orc
D:7:      layout_loops_ring, amethyst_overflow_temple_binary, kb_rosetta
D:8:      layout_cave_pools
D:9:      layout_gridville, david_lair_generic, erik_orc_4, moated_statue,
          minmay_curled_crystal
D:10:     layout_loops_corners, chei_slow_surprise, serial_shops,
          nicolae_diamond_shop, minivault_16, dk_rats_in_the_wall
D:11:     layout_stronghold, serial_glass, glass_columns_c, glass_columns_c,
          glass_columns_a, glass_columns_b, glass_columns_a, glass_columns_b,
          due_unseen_surprise, minmay_strange_pillars, serial_shops,
          kennysheep_little_box, hangedman_decor_points,
          nicolae_dithmenos_through_a_glass_darkly
D:12:     layout_basic
D:13:     gammafunk_jiyva_shrine, layout_long_grid, erik_vaults_2,
          gauntlet_entry_generic
D:14:     dragon1_lemuel, layout_loops_ring, nzn_hepliaklqana_mist_gate,
          gammafunk_ghost_mausoleum, enter_trove_5
Temple:   minmay_temple_curvy_branch
Orc:1:    layout_caves, serial_shops
Orc:2:    grunt_orc_gardens, layout_diamond_mine, grunt_orc_garden,
          grunt_orc_garden, grunt_orc_garden, grunt_orc_garden, uniq_maurice

Skill      XL: |  1  2  3  4  5  6  7  8  9 10 11 12 |
---------------+-------------------------------------+-----
Conjurations   | 4 5 6 7 8 9 10 11 | 11.9
Stealth        | 2 3 4 5 |  5.2
Spellcasting   | 2 3 4 5 6 7 8 9 11 | 11.1
Short Blades   | 1 2 3 |  3.6
Fighting       | 1 2 |  2.7
Throwing       | 1 |  1.9
Hexes          | 2 3 4 5 6 8 9 |  9.3
Dodging        | 2 3 |  3.3
Translocations | 1 2 4 |  4.8
Shields        | 1 |  1.8
Transmutations | |  0.6

Action                   |  1- 3 |  4- 6 |  7- 9 | 10-12 || total
-------------------------+-------+-------+-------+-------++-------
Melee: Short sword       |    23 |    29 |       |       ||    52
       Dagger            |       |    11 |   111 |    26 ||   148
       Punch             |       |       |     3 |       ||     3
Throw: Dart              |       |    13 |     4 |     3 ||    20
 Cast: Magic Dart        |    73 |    28 |     8 |     3 ||   112
       Searing Ray       |     4 |    20 |     6 |     4 ||    34
       Fulminant Prism   |       |    49 |    86 |   146 ||   281
       Iskenderun's Myst |       |       |    30 |    96 ||   126
       Irradiate         |       |       |       |     1 ||     1
  Use: Scroll            |       |     5 |    10 |     9 ||    24
       Potion            |       |       |     1 |     4 ||     5
 Stab: Sleeping          |       |       |     1 |     1 ||     2
Armor: Robe              |     4 |     2 |    16 |     6 ||    28
Dodge: Dodged            |    22 |    13 |    37 |    22 ||    94
Block: Kite shield       |       |       |       |    18 ||    18
